 Dungeon Crawl Stone Soup version 0.23-a0-726-g9fa1570 (webtiles) character file.

2209 domsik the Cleaver (level 9, -7/70 HPs)
             Began as a Minotaur Fighter on Jan 16, 2019.
             Was a Believer of Okawaru.
             Mangled by a yak (10 damage)
             ... on level 7 of the Dungeon.
             The game lasted 00:13:05 (4628 turns).

domsik the Cleaver (Minotaur Fighter)               Turns: 4628, Time: 00:13:06

Health: -7/70      AC: 11    Str: 28    XL:     9   Next: 13%
Magic:  11/11      EV:  6    Int:  5    God:    Okawaru [**....]
Gold:   305        SH: 10    Dex: 11    Spells: 8/8 levels left

rFire    . . .     SeeInvis .   a - +0 war axe
rCold    . . .     Gourm    .   c - +0 shield
rNeg     . . .     Faith    .   i - +0 chain mail
rPois    .         Spirit   .   (helmet restricted)
rElec    .         Reflect  .   m - scarf {cloud immunity}
rCorr    .         Harm     .   (no gloves)
MR       .....                  (no boots)
Stlth    ..........             (no amulet)
HPRegen  0.21/turn              (no ring)
MPRegen  0.12/turn              (no ring)

@: mighty
A: retaliatory headbutt, horns 2
a: Heroism, Renounce Religion


You were on level 7 of the Dungeon.
You worshipped Okawaru.
Okawaru was pleased with you.
You were not hungry.

You visited 2 branches of the dungeon, and saw 8 of its levels.

You collected 305 gold pieces.

Inventory:

Hand Weapons
 a - a +0 war axe (weapon)
Armour
 c - a +0 shield (worn)
 i - a +0 chain mail (worn)
 m - a scarf of cloud immunity (worn)
Jewellery
 A - an uncursed ring of fire
Wands
 y - a wand of iceblast (10)
Scrolls
 h - a scroll of immolation
 l - 7 scrolls of teleportation
 n - a scroll of enchant weapon
 p - 3 scrolls of remove curse
 q - a scroll of fog
 r - 2 scrolls of amnesia
 u - a scroll of blinking
 v - a scroll of magic mapping {unknown}
Potions
 d - a potion of flight
 e - 3 potions of curing
 g - a potion of lignification {unknown}
 j - 2 potions of degeneration {unknown}
 k - 3 potions of mutation {unknown}
 o - 2 potions of heal wounds {unknown}
 s - a potion of invisibility {unknown}
 t - a potion of brilliance {unknown}
 x - a potion of ambrosia {unknown}
Comestibles
 f - 18 rations


   Skills:
 - Level 3.6 Fighting
 * Level 10.9 Axes
 + Level 8.3 Armour
 - Level 3.6 Shields
 + Level 5.0 Invocations


You had 8 spell levels left.
You didn't know any spells.
Your spell library was empty.

Dungeon Overview and Level Annotations

Branches:
Dungeon (7/15)             Temple (1/1) D:6

Altars:
Cheibriados
Dithmenos
Elyvilon
Fedhas
Gozag
Hepliaklqana
Kikubaaqudgha
Makhleb
Nemelex Xobeh
Okawaru
Qazlal
Ru
Sif Muna
Trog
Uskayaw
Vehumet
Wu Jian
Xom
Yredelemnul
Zin
The Shining One

Annotations:
D:6 1 runed door, Gorice's ghost, novice DsWn


Innate Abilities, Weirdness & Mutations

You reflexively headbutt those who attack you in melee.
You have a pair of horns on your head.


Message History

Okawaru is honoured by your kill.
You have reached level 9!
Your experience leads to an increase in your attributes!
Your base attributes are Str 22, Int 5, Dex 11.
Increase (S)trength, (I)ntelligence, or (D)exterity?
You feel stronger.
You hit the yak.
The yak is severely wounded.
You block the yak's attack.
You closely miss the howler monkey. You hit the yak.
You block the howler monkey's attack. The yak gores you.
* * * LOW HITPOINT WARNING * * *
The howler monkey barely misses you.
You closely miss the howler monkey. You slash the yak!
You kill the yak!
Okawaru accepts your kill.
Your Invocations skill increases to level 5!
The howler monkey hoots and howls with incredible vigour!
You barely miss the howler monkey. You hit the yak. The yak gores you!
You die...

######### #.......#
########.......#########
.......'.>....YY@h......
.#.#####[......#########
.#.########....#
..............†#
.#.............#
.................#
.#..........####.#
.##########.# ..#
.####### #.# .#


You could see 2 yaks and a howler monkey.

Vanquished Creatures
  Sigmund (D:2)
  3 yaks (D:7)
  A sky beast (D:5)
  A black bear (D:7)
  An ogre (D:7)
  3 centaurs
  3 bullfrogs (D:7)
  A wyvern skeleton (D:7)
  2 scorpions (D:7)
  2 killer bees (D:7)
  A crimson imp (D:7)
  A jelly (D:6)
  A bullfrog skeleton (D:6)
  2 hounds
  An orc wizard (D:5)
  A centaur skeleton (D:6)
  An iguana (D:5)
  9 worker ants
  A mummy (D:6)
  9 adders
  2 shadow imps
  An ooze (D:4)
  2 adder skeletons (D:7)
  A worm (D:2)
  6 dart slugs
  3 leopard geckos
  13 orcs
  3 ball pythons
  4 bats
  7 giant cockroaches
  6 hobgoblins
  14 jackals
  7 quokkas
  A ball python skeleton (D:5)
  5 frilled lizards
  14 goblins
  A hobgoblin zombie (D:6)
  4 kobolds
  2 kobold zombies (D:6)
  An orc zombie (D:6)
  A quokka skeleton (D:5)
  7 rats
150 creatures vanquished.

Notes
Turn   | Place    | Note
-------+----------+-------------------------------------------
     0 | D:1      | domsik the Minotaur Fighter began the quest for the Orb.
     0 | D:1      | Reached XP level 1. HP: 19/19 MP: 0/0
    31 | D:1      | Reached skill level 3 in Axes
    41 | D:1      | Reached XP level 2. HP: 20/26 MP: 1/1
   419 | D:1      | Reached XP level 3. HP: 31/31 MP: 2/2
   714 | D:2      | Reached skill level 4 in Axes
   800 | D:2      | Noticed Sigmund
   810 | D:2      | Killed Sigmund
   810 | D:2      | Reached skill level 6 in Axes
   810 | D:2      | Reached skill level 5 in Armour
   810 | D:2      | Reached XP level 4. HP: 12/39 MP: 3/3
   810 | D:2      | Reached XP level 5. HP: 13/45 MP: 4/4
  1280 | D:2      | Found a burning altar of Makhleb.
  1352 | D:3      | Reached XP level 6. HP: 49/51 MP: 5/5
  1496 | D:3      | Found a sacrificial altar of Ru.
  1496 | D:3      | Found an iron altar of Okawaru.
  1497 | D:3      | Found a sparkling altar of Nemelex Xobeh.
  1497 | D:3      | Found a radiant altar of Vehumet.
  1502 | D:3      | Became a worshipper of Warmaster Okawaru
  1899 | D:4      | Reached skill level 7 in Axes
  1950 | D:4      | Reached skill level 1 in Invocations
  2232 | D:5      | Entered Level 5 of the Dungeon
  2232 | D:5      | Noticed a sky beast
  2240 | D:5      | Killed a sky beast
  2240 | D:5      | Reached XP level 7. HP: 40/57 MP: 5/7
  2553 | D:5      | Reached * piety under Okawaru
  2553 | D:5      | Reached skill level 8 in Axes
  3053 | D:6      | Found a staircase to the Ecumenical Temple.
  3063 | Temple   | Entered the Ecumenical Temple
  3420 | D:6      | Reached XP level 8. HP: 62/64 MP: 9/9
  3448 | D:6      | Found a runed door.
  3449 | D:6      | Found a shimmering altar of Xom.
  3449 | D:6      | Noticed Gorice's ghost (novice DsWn)
  3450 | D:6      | Noticed a +0 dagger of chaos
  3716 | D:7      | Reached skill level 9 in Axes
  3919 | D:7      | Reached ** piety under Okawaru
  3919 | D:7      | Reached skill level 10 in Axes
  4624 | D:7      | Reached XP level 9. HP: 8/70 MP: 11/11
  4626 | D:7      | HP: 3/70 [yak (6)]
  4627 | D:7      | Reached skill level 5 in Invocations
  4628 | D:7      | Mangled by a yak

Vault maps used:
D:1:      wander_arrival_desolate
D:2:      makhleb_heckhound_becter, uniq_sigmund
D:3:      chequers_temple_overflow_statue_of_worship, kennysheep_pointless_box
D:4:      first_ration
D:6:      minmay_temple_entry_overgrown, ebering_ghost_xom,
          minmay_misc_feat_secret_circle, minmay_misc_feat_five,
          small_statue_intersection, minmay_mini_ossuary
D:7:      marbit_many_paths, grunt_decor_arrowhead, grunt_ogre_cave
Temple:   lightli_temple_of_artemis

Skill      XL: |  1  2  3  4  5  6  7  8  9 |
---------------+----------------------------+-----
Axes           | 3 6 7 8 10 | 10.9
Armour         | 4 5 6 8 |  8.3
Invocations    | 1 3 4 5 |  5.0
Fighting       | |  3.6
Shields        | |  3.6

Action                   |  1- 3 |  4- 6 |  7- 9 || total
-------------------------+-------+-------+-------++-------
Melee: War axe           |    69 |   129 |   207 ||   405
       Headbutt          |     6 |    18 |    37 ||    61
Invok: Heroism           |       |       |     1 ||     1
  Use: Potion            |     1 |       |     3 ||     4
       Scroll            |       |       |    10 ||    10
  Eat: Chunk             |       |     4 |     8 ||    12
Armor: Scale mail        |    22 |    52 |    77 ||   151
       Chain mail        |       |       |     4 ||     4
Dodge: Dodged            |    21 |    42 |    54 ||   117
Block: Shield            |    37 |    79 |   103 ||   219

Table legend:
 A = Non-vault XP
 B = Vault XP
 C = Vault XP percentage of total XP
 D = Non-vault monster count
 E = Vault monster count
 F = Vault count percentage of total count
                 A         B        C        D         E       F
            +---------+---------+-------+---------+---------+-------
      Total |    2740 |     416 |  13.2 |     142 |       8 |   5.3
            +---------+---------+-------+---------+---------+-------
        D:1 |      47 |       0 |   0.0 |      26 |       0 |   0.0
        D:2 |      32 |     278 |  89.7 |      16 |       2 |  11.1
        D:3 |     137 |       0 |   0.0 |      35 |       0 |   0.0
        D:4 |     129 |       0 |   0.0 |       7 |       0 |   0.0
        D:5 |     576 |       0 |   0.0 |      19 |       0 |   0.0
        D:6 |     274 |      22 |   7.4 |      13 |       5 |  27.8
        D:7 |    1545 |     116 |   7.0 |      26 |       1 |   3.7
            +---------+---------+-------+---------+---------+-------
